 Dungeon Crawl Stone Soup version 0.31-a0-331-geda263fcf1 (webtiles) character file.

Game seed: 1743091739782898981

361 lmSkywalker the Insei (level 6, -1/43 HPs)
             Began as a Djinni Shapeshifter on July 19, 2023.
             Was an Initiate of Cheibriados.
             Slain by a scorpion (5 damage)
             ... on level 5 of the Dungeon.
             The game lasted 00:14:11 (3812 turns).

lmSkywalker the Insei (Djinni Shapeshifter)         Turns: 3812, Time: 00:14:12

Health: -1/43      AC:  2    Str: 15    XL:     6   Next: 98%
Gold:   123        EV: 12    Int: 12    God:    Cheibriados [......] SH:  0 Dex: 15

rFire   + +          .
                       - Unarmed
rCold   . . .        (no shield)
rNeg    . . .        a - +0 animal skin
rPois   ∞            (helmet currently unavailable)
rElec   .            (cloak currently unavailable)
rCorr   .            (gloves currently unavailable)
SInv    .            (boots unavailable)
Will    .....        (no amulet)
Stlth   +            q - ring of protection from cold
HPRegen 0.27/turn    (no ring)
MPRegen 0.00/turn

%: infuse magic (-2 HP)
@: beast-form, flying, very slow
A: beast (slay +2), flying, sickness immunity, fire resistance 2, cold
vulnerability 1, float, innate caster, HP casting, extra vitality 1
a: Begin Untransformation, Renounce Religion


You were on level 5 of the Dungeon.
You worshipped Cheibriados.
Cheibriados was noncommittal.
You were a hulking beast.
You visited 1 branch of the dungeon, and saw 5 of its levels.

You collected 123 gold pieces.

Inventory:

Missiles
 h - 7 boomerangs
Armour
 a - a +0 animal skin (worn)
Jewellery
 q - a ring of protection from cold (left hand)
Talismans
 c - a beast talisman
Wands
 v - a wand of flame (16)
Scrolls
 f - 2 scrolls of enchant armour {unknown}
 g - 2 scrolls of immolation {unknown}
 i - 2 scrolls of noise {unknown}
 l - 3 scrolls of identify {unknown}
 m - a scroll of amnesia {unknown}
 p - a scroll of brand weapon {unknown}
 s - 2 scrolls of blinking {unknown}
 x - a scroll of vulnerability {unknown}
Potions
 b - 3 potions of lignification
 j - a potion of ambrosia {unknown}
 k - a potion of enlightenment {unknown}
 n - a potion of haste {unknown}
 o - a potion of invisibility {unknown}
 r - 3 potions of curing {unknown}
 t - a potion of attraction {unknown}
 u - a potion of might {unknown}
 w - a potion of heal wounds {unknown}


   Skills:
 - Level 2.0 Fighting
 - Level 2.1 Dodging
 + Level 4.6 Unarmed Combat
 + Level 1.5 Spellcasting
 + Level 1.5 Conjurations
 + Level 1.5 Hexes
   Level 0.0 Charms
 + Level 1.5 Summonings
 + Level 1.5 Necromancy
 + Level 1.5 Translocations
 + Level 1.5 Transmutations
 + Level 1.5 Fire Magic
 + Level 1.5 Ice Magic
 + Level 1.5 Air Magic
 + Level 1.5 Earth Magic
 + Level 1.5 Poison Magic
 + Level 4.2 Shapeshifting


You knew the following spells:

 Your Spells              Type           Power      Damage    Failure   Level
a - Necrotise             Necr           16%        1d4       16%         1
b - Call Imp              Summ           8%         N/A       24%         2
Your spell library was empty.

Dungeon Overview and Level Annotations

Branches:
Dungeon (5/15)
 Temple: D:4-7

Altars:
Cheibriados
Gozag
Qazlal
Ru
Trog
Uskayaw

Annotations:
D:4 exclusions: quokka and 2 more exclusions, Dowan


Innate Abilities, Weirdness & Mutations

You are a hulking beast.
Your limbs bulge with bestial killing power. (Slay +2)
You are flying.
You are immune to sickness and miasma.
You are immune to poison.
Your flesh is very heat resistant. (rF++)
You are vulnerable to cold. (rC-)
You float through the air rather than walking.
You learn spells naturally, not from books.
Your magical power is your life essence.
You have superior vitality. (+4 MHP)


Message History

* * * LOW HITPOINT WARNING * * *
The hound misses you.
Casting: Necrotise (safe; 16% risk of failure)
Confirm with . or Enter, or press ? or * to list all spells.
Aiming: Necrotise (safe; 16% risk of failure)
Press: ? - help, Shift-Dir - straight line, f/p - hound
Aim: a hound (almost dead, chance to affect: 56%)
The hound writhes in agony.
You kill the hound!
Cheibriados thoroughly appreciates the change of pace.
* * * LOW HITPOINT WARNING * * *
The dead are walking!
You swap places.
The howler monkey barely misses your hound skeleton.
Your hound skeleton bites the howler monkey but does no damage.
The howler monkey hits your hound skeleton.
Your hound skeleton bites the howler monkey.
The howler monkey hoots and howls with incredible vigour!
Your hound skeleton barely misses the howler monkey.
You hear a bark!
The howler monkey hits your hound skeleton.
Your hound skeleton bites the howler monkey but does no damage.
The howler monkey hits your hound skeleton!
Your hound skeleton bites the howler monkey.
Your magical contamination has completely faded away.
Your hound skeleton bites the howler monkey.
The howler monkey hits your hound skeleton.
Your hound skeleton closely misses the howler monkey.
The howler monkey hits your hound skeleton.
Your hound skeleton barely misses the howler monkey.
The howler monkey hits your hound skeleton!
Your hound skeleton is destroyed!
The howler monkey hoots and howls with incredible vigour!
The howler monkey hits you. The scorpion attacks as you move away!
The scorpion stings you.
* * * LOW HITPOINT WARNING * * *
The howler monkey hits you.
* * * LOW HITPOINT WARNING * * *
The scorpion attacks as you move away! The scorpion stings you.
You die...

##.## #.#
#s##### #.#
#.....# #.#
#####.# #.#
###.### #.#
#.....# #.#
#.....###)#
#...sh....#
#....h.####
#...†..#
#####..#
#..# #..#
#..# #..#
#..#
#######..#


You could see a scorpion and a howler monkey.

Vanquished Creatures
  A bullfrog (D:5)
  A scorpion (D:5)
  3 hounds
  An iguana (D:2)
  4 adders
  2 worms (D:2)
  2 dart slugs
  4 orcs (D:4)
  8 endoplasms
  4 giant cockroaches
  7 goblins
  3 hobgoblins
  4 jackals (D:1)
  4 quokkas (D:2)
  6 ball pythons
  6 bats
  6 frilled lizards
  6 kobolds
  2 rats
74 creatures vanquished.

Notes
Turn   | Place    | Note
-------+----------+-------------------------------------------
     0 | D:1      | lmSkywalker the Djinni Shapeshifter began the quest for the
                  | Orb.
     0 | D:1      | Reached XP level 1. HP: 18/18 MP: 0/0
    27 | D:1      | Reached XP level 2. HP: 14/23 MP: 0/0
   330 | D:1      | Reached XP level 3. HP: 24/28 MP: 0/0
   330 | D:1      | Learned a level 1 spell: Necrotise
  1042 | D:2      | Reached XP level 4. HP: 30/33 MP: 0/0
  1938 | D:3      | Reached XP level 5. HP: 38/38 MP: 0/0
  1938 | D:3      | Learned a level 2 spell: Call Imp
  1943 | D:3      | Found a stormy altar of Qazlal.
  1943 | D:3      | Noticed a sky beast
  2163 | D:3      | Found an opulent altar of Gozag.
  2717 | D:4      | Noticed Dowan
  2737 | D:4      | Noticed a +0 dagger
  2738 | D:4      | Noticed a +0 hand axe
  2918 | D:4      | Found a bloodstained altar of Trog.
  3234 | D:4      | Found a hide-covered altar of Uskayaw.
  3358 | D:4      | Found a sacrificial altar of Ru.
  3365 | D:4      | Reached skill level 1 in Spellcasting
  3365 | D:4      | Reached skill level 1 in Conjurations
  3365 | D:4      | Reached skill level 1 in Hexes
  3365 | D:4      | Reached skill level 1 in Summonings
  3365 | D:4      | Reached skill level 1 in Necromancy
  3365 | D:4      | Reached skill level 1 in Translocations
  3365 | D:4      | Reached skill level 1 in Transmutations
  3365 | D:4      | Reached skill level 1 in Fire Magic
  3365 | D:4      | Reached skill level 1 in Ice Magic
  3365 | D:4      | Reached skill level 1 in Air Magic
  3365 | D:4      | Reached skill level 1 in Earth Magic
  3365 | D:4      | Reached skill level 1 in Poison Magic
  3365 | D:4      | Reached XP level 6. HP: 37/43 MP: 0/0
  3676 | D:5      | Entered Level 5 of the Dungeon
  3677 | D:5      | Found a snail-covered altar of Cheibriados.
  3713 | D:5      | Became a worshipper of Cheibriados the Contemplative
  3812 | D:5      | Slain by a scorpion

Illustrated notes

Levels and vault maps discovered:
D:1:      roderic_dead_forest, layout_rooms, minmay_tetromino_i2
D:2:      layout_loops_ring, minmay_tripent
D:3:      layout_basic, grunt_gozag_breadcrumbs,
          nicolae_qazlal_beasts_of_the_sky, grunt_ministairs_9,
          minmay_diced_spiral
D:4:      layout_loops_ring, dancing_weapons_uskayaw, lightli_temple_of_fire,
          mainiacjoe_overflow_six_doors_small, chequers_serial_rivers_micro_c,
          uniq_duvessa
D:5:      layout_loops_ring, okawaru_metal_pillars_1_2, amcnicky_altar_gilded,
          mainiacjoe_overflow_small_starburst, serial_shops,
          nicolae_shop_tiny_waterfront, sigmund_army

Skill      XL: |  1  2  3  4  5  6 |
---------------+-------------------+-----
Shapeshifting  | 3 4 |  4.2
Unarmed Combat | 3 4 |  4.6
Spellcasting   | 1 |  1.5
Conjurations   | 1 |  1.5
Hexes          | 1 |  1.5
Summonings     | 1 |  1.5
Necromancy     | 1 |  1.5
Translocations | 1 |  1.5
Transmutations | 1 |  1.5
Fire Magic     | 1 |  1.5
Ice Magic      | 1 |  1.5
Air Magic      | 1 |  1.5
Earth Magic    | 1 |  1.5
Poison Magic   | 1 |  1.5
Fighting       | |  2.0
Dodging        | |  2.1

Action                     |  1- 3 |  4- 6 || total
---------------------------+-------+-------++-------
  Melee: Unarmed           |    32 |    28 ||    60
         Spear             |    94 |   103 ||   197
         Punch             |     2 |     1 ||     3
   Cast: Necrotise         |     1 |     5 ||     6
         Call Imp          |       |     1 ||     1
   Stab: Sleeping          |     1 |     5 ||     6
 Armour: Animal skin       |    28 |    14 ||    42
  Dodge: Dodged            |    63 |    64 ||   127

Table legend: (Time is in decaauts)
 A = Elapsed time spent in this place.
 B = Non-inter-level travel time spent in this place.
 C = Inter-level travel time spent in this place.
 D = Time resting spent in this place.
 E = Time spent auto-exploring this place.
 F = Levels seen in this place.
 G = Mean time per level.
                   A        B        C        D        E       F      G
               +--------+--------+--------+--------+--------+-----+--------+
         Total |   3849 |   3660 |    189 |    447 |   1607 |   5 |  769.8 |
       Dungeon |   3849 |   3660 |    189 |    447 |   1607 |   5 |  769.8 |
               +--------+--------+--------+--------+--------+-----+--------+

Top non-repeatable levels by time:
     D:4: 1103 daAuts
     D:2: 1039 daAuts
     D:3: 883 daAuts
     D:1: 667 daAuts
     D:5: 155 daAuts
